 Dungeon Crawl Stone Soup version 0.27.1-33-g824d729ab1 (webtiles) character file.

Game seed: 787994999011413413

5151 Destapler the Fighter (level 10, -7/90 HPs)
             Began as a Minotaur Fighter on Dec 26, 2021.
             Was an Elder of Nemelex Xobeh.
             Mangled by a boulder beetle (51 damage)
             ... on level 8 of the Dungeon.
             The game lasted 00:32:56 (9974 turns).

Destapler the Fighter (Minotaur Fighter)            Turns: 9974, Time: 00:32:58

Health: -7/90      AC: 12    Str: 23    XL:     10   Next: 33%
Magic:  13/13      EV: 10    Int:  5    God:    Nemelex Xobeh [****..]
Gold:   164        SH: 11    Dex: 11    Spells: 9/9 levels left

rFire    . . .     SeeInvis .   j - +0 falchion (elec)
rCold    . . .     Faith    .   c - +0 kite shield
rNeg     . . .     Spirit   .   g - +3 scale mail
rPois    .         Reflect  .   (helmet restricted)
rElec    .         Harm     .   r - +0 cloak
rCorr    .         Rampage  .   (no gloves)
Will     .....                  (no boots)
Stlth    ..........             (no amulet)
HPRegen  0.25/turn              (no ring)
MPRegen  0.13/turn              (no ring)

@: no status effects
A: horns 2, retaliatory headbutt
a: Renounce Religion, Draw Escape, Draw Destruction, Draw Summoning, Triple
Draw, Deal Four


You were on level 8 of the Dungeon.
You worshipped Nemelex Xobeh.
Nemelex Xobeh was greatly pleased with you.
You visited 1 branch of the dungeon, and saw 9 of its levels.

You collected 392 gold pieces.
You spent 228 gold pieces at shops.

Inventory:

Hand Weapons
 a - a +0 long sword
 j - a +0 falchion of electrocution (weapon)
 q - a +3 morningstar
Missiles
 d - a boomerang
 k - 14 poisoned darts
 o - 4 javelins
 p - an atropa-tipped dart (quivered)
 y - 2 throwing nets
Armour
 c - a +0 kite shield (worn)
 g - a +3 scale mail (worn)
 r - a +0 cloak (worn)
 v - +0 acid dragon scales
 z - a +2 scale mail of fire resistance
Wands
 i - a wand of iceblast (9)
 w - a wand of digging (5)
Scrolls
 e - a scroll of vulnerability {unknown}
 f - 5 scrolls of identify {unknown}
 h - 3 scrolls of enchant weapon {unknown}
 l - a scroll of torment {unknown}
 m - a scroll of amnesia {unknown}
 n - 3 scrolls of noise {unknown}
 t - a scroll of acquirement {unknown}
 u - a scroll of blinking {unknown}
Potions
 b - 2 potions of heal wounds
 s - a potion of lignification {unknown}
 x - a potion of degeneration {unknown}


   Skills:
 + Level 8.5 Fighting
 + Level 6.4 Long Blades
 + Level 5.7 Throwing
 + Level 7.5 Armour
 - Level 6.0 Dodging
 + Level 8.3 Shields
 + Level 5.6 Invocations
 + Level 1.0 Evocations


You had 9 spell levels left.
You didn't know any spells.
Your spell library contained the following spells:

 Spells                   Type           Power      Damage    Failure   Level
 Pain                     Necr           0%         1d4       96%         1
 Slow                     Hex            0%         N/A       99%         2
 Confusing Touch          Hex            0%         N/A       100%        3
 Vampiric Draining        Necr           0%         2d6       100%        3
 Fulminant Prism          Conj/Hex       0%         3d6       100%        4
 Iskenderun's Mystic Bla  Conj/Tloc      0%         2d3       100%        4
 Leda's Liquefaction      Hex/Erth       0%         N/A       100%        4
 Agony                    Necr           0%         N/A       100%        5
 Bolt of Magma            Conj/Fire/Erth 0%         4d4       100%        5
 Excruciating Wounds      Necr           0%         N/A       100%        5
 Lee's Rapid Deconstruct  Erth           0%         3d5*      100%        5
 Summon Forest            Summ/Tloc      0%         N/A       100%        5
 Summon Mana Viper        Hex/Summ       0%         N/A       100%        5
 Shadow Creatures         Summ           N/A        N/A       100%        6
 Statue Form              Tmut/Erth      0%         N/A       100%        6


Dungeon Overview and Level Annotations

Branches:
Dungeon (9/15)             Temple (0/1) D:5
   Lair: D:8-11         Orc: D:9-12

Altars:
Ashenzari
Dithmenos
Nemelex Xobeh
Ru
Sif Muna
Uskayaw
Vehumet
Zin
The Shining One

Shops:
D:2 [(:*   D:8 *


Innate Abilities, Weirdness & Mutations

You have a pair of horns on your head.
You reflexively headbutt those who attack you in melee.


Message History

You block the boulder beetle's attack. The orc hits you but does no damage. x2
You closely miss the orc. You headbutt the orc.
You kill the orc!
You block the boulder beetle's attack. The orc hits you but does no damage.
You hit the boulder beetle but do no damage.
Lightning courses through the boulder beetle!
The boulder beetle is lightly wounded.
The boulder beetle bites you!! You block the orc's attack.
You hit the boulder beetle but do no damage.
The boulder beetle is lightly wounded.
The boulder beetle bites you! You block the orc's attack.
The boulder beetle bites you.
You hit the boulder beetle but do no damage.
Lightning courses through the boulder beetle!
You headbutt the boulder beetle.
The boulder beetle is moderately wounded.
You block the orc's attack. You block the boulder beetle's attack.
The orc barely misses you.
You hit the boulder beetle but do no damage.
The boulder beetle is moderately wounded.
The boulder beetle leaps!
You block the orc's attack.
You barely miss the orc. The orc hits you but does no damage.
You closely miss the orc.
The boulder beetle curls into a ball and begins rolling!
The orc closely misses you. You furiously retaliate!
You headbutt the orc!
You kill the orc!
Things that are here:
a +0 vorpal mace; an orc corpse You throw an atropa-tipped dart.
The atropa-tipped dart hits the boulder beetle.
The boulder beetle resists.
The boulder beetle is moderately wounded.
You hit the boulder beetle but do no damage.
Lightning courses through the boulder beetle!
You headbutt the boulder beetle, but do no damage.
The boulder beetle is heavily wounded.
The boulder beetle hits you!!!
Ouch! That really hurt!
You die...
Your body glows with a rainbow of weird colours and disappears.

##...##................#....
##...##.......##......##....
#....##.......##......##...#
##...##.......##......######
#...>#....°...........#
#....##....°..........#
#######....°..........#
#.....B..........#
#...)>@..........#
#........##......#
##.......######### #########


You could see a boulder beetle (rolling).

Vanquished Creatures
  Harold (D:8)
  Maggie (D:7)
  Prince Ribbit (D:6)
  A wyvern (D:8)
  3 yaks
  Edmund (D:4)
  A water moccasin (D:6)
  2 black bears
  2 orc warriors (D:8)
  3 ice beasts
  A sky beast (D:5)
  A necrophage (D:4)
  3 ogres
  2 centaurs
  A phantom (D:6)
  3 bullfrogs
  4 scorpions
  A water moccasin zombie (D:5)
  2 water moccasin skeletons
  4 killer bees (D:7)
  4 wights (D:7)
  3 centaur zombies
  A bullfrog zombie (D:5)
  3 hounds
  2 jellies
  2 orc priests
  3 centaur skeletons
  2 iguanas (D:6)
  7 orc wizards
  A killer bee zombie (D:7)
  A hound zombie (D:5)
  A hound skeleton (D:5)
  A howler monkey zombie (D:9)
  4 gnolls (D:2)
  9 adders
  A white imp (D:8)
  An adder skeleton (D:4)
  A worm (D:3)
  2 dart slugs
  35 orcs
  8 ball pythons
  6 endoplasms
  9 goblins
  3 hobgoblins
  3 jackals
  14 kobolds
  5 quokkas
  9 bats
  6 frilled lizards
  7 rats
192 creatures vanquished.

Vanquished Creatures (others)
  3 demonic plants (D:1)
  2 fungi (D:1)
  A plant (D:1)
6 creatures vanquished.

Grand Total: 198 creatures vanquished

Notes
Turn   | Place    | Note
-------+----------+-------------------------------------------
     0 | D:1      | Destapler the Minotaur Fighter began the quest for the Orb.
     0 | D:1      | Reached XP level 1. HP: 19/19 MP: 0/0
   268 | D:1      | Found a faded altar of an unknown god.
   270 | D:1      | Reached XP level 2. HP: 24/27 MP: 1/1
   913 | D:1      | Became a worshipper of Nemelex Xobeh the Trickster
   913 | D:1      | Reached * piety under Nemelex Xobeh
   913 | D:1      | Received a gift from Nemelex Xobeh
  1056 | D:2      | Reached XP level 3. HP: 33/33 MP: 2/2
  1058 | D:2      | Reached skill level 1 in Throwing
  1064 | D:2      | Reached skill level 1 in Dodging
  1064 | D:2      | Reached skill level 1 in Invocations
  1185 | D:2      | Reached XP level 4. HP: 39/40 MP: 3/3
  1234 | D:2      | Found Huek's Book Boutique.
  1264 | D:2      | Found Bogufiby's Assorted Antiques.
  1366 | D:2      | Found Fuac's Weapon Emporium.
  1384 | D:2      | Found Wussorph's Antique Armour Shoppe.
  1450 | D:2      | Received a gift from Nemelex Xobeh
  1747 | D:3      | Reached ** piety under Nemelex Xobeh
  1855 | D:3      | Reached XP level 5. HP: 45/46 MP: 5/5
  1876 | D:3      | Found a broken altar of Ashenzari.
  2009 | D:3      | Received a gift from Nemelex Xobeh
  2175 | D:3      | Reached *** piety under Nemelex Xobeh
  2427 | D:3      | Received a gift from Nemelex Xobeh
  2894 | D:4      | Reached XP level 6. HP: 31/53 MP: 6/6
  3176 | D:4      | Reached skill level 5 in Shields
  3432 | D:4      | Reached skill level 5 in Fighting
  3432 | D:4      | Reached skill level 5 in Armour
  3448 | D:4      | Reached XP level 7. HP: 61/61 MP: 6/8
  3623 | D:5      | Entered Level 5 of the Dungeon
  3635 | D:5      | Noticed Edmund
  3963 | D:4      | Killed Edmund
  4061 | D:5      | Found a radiant altar of Vehumet.
  4065 | D:5      | Found a shimmering blue altar of Sif Muna.
  4065 | D:5      | Noticed a yak
  4067 | D:5      | Killed a yak
  4068 | D:5      | Noticed a yak
  4075 | D:5      | Noticed a yak
  4086 | D:5      | Killed a yak
  4086 | D:5      | HP: 1/63 [yak (13)]
  4087 | D:5      | Reached XP level 8. HP: 1/71 MP: 9/9
  4794 | D:5      | Found a sacrificial altar of Ru.
  4803 | D:5      | Received a gift from Nemelex Xobeh
  4843 | D:5      | Found a shadowy altar of Dithmenos.
  4997 | D:5      | Identified the ring "Wuojaum" {Fire Fly rPois rN+ Str-5}
  5005 | D:5      | Found a staircase to the Ecumenical Temple.
  5843 | D:6      | Reached XP level 9. HP: 53/79 MP: 11/11
  6010 | D:6      | Noticed Prince Ribbit
  6016 | D:6      | Killed Prince Ribbit
  6163 | D:6      | Reached skill level 5 in Long Blades
  6248 | D:6      | Received a gift from Nemelex Xobeh
  6315 | D:6      | Reached skill level 5 in Dodging
  6320 | D:6      | Found a hide-covered altar of Uskayaw.
  6501 | D:2      | Bought a scroll labelled FYROVA ROYJ for 21 gold pieces
  6501 | D:2      | Bought a pink potion for 18 gold pieces
  6501 | D:2      | Bought a scroll labelled HIDEUVV ECURCHU for 21 gold pieces
  6501 | D:2      | Bought a scroll labelled FYLYFE IDUXI for 21 gold pieces
  6501 | D:2      | Bought a scroll labelled CUECHA TUKOTO for 21 gold pieces
  6501 | D:2      | Bought a scroll labelled GUOCHEO JIOTAGHA for 21 gold
                  | pieces
  6501 | D:2      | Bought a brightly glowing platinum amulet for 105 gold
                  | pieces
  6501 | D:2      | Identified the amulet of the Philosopher {Acrobat rF- Will+
                  | Str+3 Int+2} (You bought it in a shop on level 2 of the
                  | Dungeon)
  6758 | D:7      | Reached **** piety under Nemelex Xobeh
  7389 | D:6      | Reached skill level 5 in Throwing
  7389 | D:6      | Reached skill level 5 in Invocations
  7684 | D:7      | Noticed Maggie
  7699 | D:7      | Killed Maggie
  7832 | D:7      | Received a gift from Nemelex Xobeh
  7967 | D:7      | Found a glowing golden altar of the Shining One.
  8780 | D:8      | Reached XP level 10. HP: 77/87 MP: 12/12
  8978 | D:8      | Found a glowing silver altar of Zin.
  9003 | D:8      | Found Zin's Purification Station.
  9781 | D:9      | Noticed Harold
  9793 | D:8      | Killed Harold
  9816 | D:8      | Reached skill level 1 in Evocations
  9959 | D:9      | Noticed a boulder beetle
  9974 | D:8      | Mangled by a boulder beetle

Illustrated notes

Levels and vault maps discovered:
D:1:      wander_arrival_abandoned_jail, layout_loops_ring,
          shapermc_ecumenical_altar_gd
D:2:      layout_loops_ring, serial_shops, shop, shop_statue,
          nicolae_shop_stone, shop
D:3:      layout_basic, cheibrodos_ashenzari_chains
D:4:      minmay_wonky_spiral, layout_loops_ring
D:5:      layout_rooms, nicolae_ru_great_annihilating_truth,
          grunt_dithmenos_smoke_and_mirrors, mainiacjoe_overflow_catwalk_spiral,
          minmay_temple_entry_slanted, uniq_edmund
D:6:      layout_rooms, lemuel_coloured_pillars_altar, uniq_prince_ribbit1
D:7:      layout_layer_cave, mainiacjoe_overflow_alcove_1,
          amcnicky_mini_corridor_feature, hangedman_abyss_or_decor_lesser_grid,
          hex_large, uniq_maggie
D:8:      layout_gridville, zin_purify
D:9:      layout_layer_cave, lemuel_tele_altar, david_orc_3, serial_shops,
          kennysheep_mini_moat, uniq_harold

Skill      XL: |  1  2  3  4  5  6  7  8  9 10 |
---------------+-------------------------------+-----
Shields        | 4 5 6 7 8 |  8.3
Fighting       | 4 5 6 7 8 |  8.5
Throwing       | 1 2 3 4 5 |  5.7
Armour         | 4 5 6 7 |  7.5
Dodging        | 1 2 3 4 5 6 |  6.0
Invocations    | 1 2 3 4 5 |  5.6
Long Blades    | 3 4 5 6 |  6.4
Evocations     | 1 |  1.0

Action                   |  1- 3 |  4- 6 |  7- 9 | 10-12 || total
-------------------------+-------+-------+-------+-------++-------
Melee: Long sword        |   103 |   145 |   270 |    40 ||   558
       Headbutt          |    17 |    14 |    66 |    17 ||   114
       Falchion          |       |       |       |    38 ||    38
Throw: Dart              |       |     1 |    13 |     1 ||    15
       Boomerang         |       |       |    69 |     6 ||    75
Invok: Draw Destruction  |     1 |     2 |     5 |       ||     8
       Draw Summoning    |       |     1 |     1 |       ||     2
       Triple Draw       |       |       |     1 |       ||     1
  Use: Potion            |       |       |     7 |     3 ||    10
 Stab: Invisible         |       |       |     4 |     3 ||     7
       Paralysed         |       |       |     1 |       ||     1
Armor: Scale mail        |    43 |    83 |   155 |    35 ||   316
Dodge: Dodged            |    48 |    92 |   123 |    36 ||   299
Block: Kite shield       |    18 |       |   210 |    54 ||   282
       Rpst.: Long sword |    12 |    22 |    29 |     5 ||    68
       Falchion          |       |       |       |     4 ||     4
